 Dungeon Crawl Stone Soup version 0.31.0-11-ge490571c62 (webtiles) character file.

Game seed: 2408259381967804410

851 qw the Skirmisher (level 7, 0/40 HPs)
             Began as a Deep Elf Hunter on Feb 4, 2024.
             Incinerated by a bombardier beetle (3 damage)
             ... with a burning spray
             ... on level 6 of the Dungeon.
             The game lasted 00:00:15 (3291 turns).

qw the Skirmisher (Deep Elf Hunter)                 Turns: 3291, Time: 00:00:16

Health: 0/40       AC:  8    Str: 10    XL:     7   Next: 69%
Magic:  0/9        EV: 11    Int: 14    God:
Gold:   351        SH:  0    Dex: 18    Spells: 6/6 levels left

rFire   . . .        d - +0 orcbow
rCold   . . .        (shield currently unavailable)
rNeg    . . .        k - +4 ring mail
rPois   +            (no helmet)
rElec   .            (no cloak)
rCorr   .            i - +1 pair of gloves
SInv    .            h - +0 pair of boots
Will    .....        f - amulet of guardian spirit
Stlth   +            e - ring of poison resistance
HPRegen 0.26/turn    (no ring)
MPRegen 0.11/turn

%: guardian spirit
@: on fire, about to teleport, corroded, glowing
A: no striking features
a: no special abilities


You were on level 6 of the Dungeon.
You visited 1 branch of the dungeon, and saw 6 of its levels.

You collected 351 gold pieces.


   Skills:
 - Level 2.7 Fighting
 + Level 11.1 Ranged Weapons
 - Level 1.7 Armour
 - Level 3.6 Dodging
 - Level 1.2 Stealth


You had 6 spell levels left.
You didn't know any spells.
Your spell library was empty.

Inventory:

Hand Weapons
 d - a +0 orcbow (weapon)
Armour
 h - a +0 pair of boots (worn)
 i - a +1 pair of gloves (worn)
 k - a +4 ring mail (worn)
Jewellery
 e - a ring of poison resistance (left hand)
 f - an amulet of guardian spirit (around neck)
Wands
 l - a wand of polymorph (11)
Potions
 g - a potion of curing

Dungeon Overview and Level Annotations

Branches:
Dungeon (6/15)
 Temple: D:4-7

Altars:
Ashenzari
Cheibriados
Elyvilon
Sif Muna


Message History

The liquid fire burns you! The jelly hits you but does no damage.
You shoot an arrow.
The arrow hits the bombardier beetle but does no damage.
The bombardier beetle is almost dead.
The liquid fire burns you! The jelly barely misses you.
The bombardier beetle closely misses you.
You shoot an arrow.
The arrow barely misses the bombardier beetle.
The liquid fire burns you! The jelly hits you. The acid corrodes you!
You are splashed with acid.
The bombardier beetle sprays incendiary fluid at you.
The burning spray hits you.
You are even more covered in liquid fire!
You shoot an arrow. The arrow hits the bombardier beetle.
You kill the bombardier beetle!
The liquid fire burns you! The jelly hits you but does no damage.
Your Ranged Weapons skill increases to level 11!
You shoot an arrow.
The arrow hits the jelly but does no damage.
The liquid fire burns you! The jelly misses you. The jelly hits you.
You are splashed with acid!
You shoot an arrow. The arrow hits the jelly!
The jelly is severely wounded.
The liquid fire burns you! The jelly barely misses you.
3289 ||| READING scroll of teleportation.
As you read the scroll of teleportation, it crumbles to dust.
You feel strangely unstable. The liquid fire burns you!
The jelly jiggles.
The jelly barely misses you.
You shoot an arrow. The arrow hits the jelly.
You kill the jelly!
The liquid fire burns you!
You are on fire!
The liquid fire burns you!
You die...

. ##
...$#####..#
.......@...#
?............#
...........#.#
>..........#
...........#
............
............#
.............


There were no monsters in sight!

Vanquished Creatures
  2 black bears
  A centaur (D:5)
  A bullfrog (D:5)
  2 scorpions (D:4)
  A bombardier beetle (D:6)
  2 jellies
  An orc priest (D:4)
  An iguana (D:4)
  3 orc wizards (D:4)
  4 gnolls (D:2)
  6 adders
  2 ribbon worms
  9 orcs
  4 endoplasms
  7 giant cockroaches
  11 goblins
  3 hobgoblins
  2 jackals (D:1)
  3 quokkas
  8 ball pythons
  4 bats
  4 frilled lizards
  7 kobolds
  5 rats
93 creatures vanquished.

Notes
Turn   | Place    | Note
-------+----------+-------------------------------------------
     0 | D:1      | qw the Deep Elf Hunter began the quest for the Orb.
     0 | D:1      | Reached XP level 1. HP: 12/12 MP: 3/3
     0 | D:1      | 0 ||| qw: Version: 0.3-a-160-g6735b56
     0 | D:1      | 0 ||| qw: Game counter: 5267
     0 | D:1      | 0 ||| qw: Melee chars always use a shield: true
     0 | D:1      | 0 ||| qw: God list: Okawaru
     0 | D:1      | 0 ||| qw: Allow faded altars: false
     0 | D:1      | 0 ||| qw: Do Orc after clearing Dungeon:15 true
     0 | D:1      | 0 ||| qw: Do second Lair branch before Depths: true
     0 | D:1      | 0 ||| qw: Lair rune preference: random
     0 | D:1      | 0 ||| qw: Goals: Normal
     0 | D:1      | 0 ||| PLANNING D:1-11
    81 | D:1      | Reached XP level 2. HP: 16/16 MP: 4/4
   101 | D:1      | Reached skill level 6 in Ranged Weapons
   483 | D:1      | 483 ||| UPGRADING to +0 pair of boots.
   488 | D:1      | 488 ||| DROPPING ring of magical power.
   489 | D:1      | 489 ||| READING scroll labelled WIK QEPSOQO.
   493 | D:1      | 493 ||| READING scroll labelled XUIPPI DI JUA.
   494 | D:1      | 494 ||| READING 3 scrolls labelled CIURGH VUWOTHEAJY.
   494 | D:1      | 494 ||| IDENTIFYING fizzy black potion
   495 | D:1      | 495 ||| READING 2 scrolls of identify.
   495 | D:1      | 495 ||| IDENTIFYING scroll labelled UFAFOW ELUANE
   496 | D:1      | 496 ||| READING scroll of identify.
   496 | D:1      | 496 ||| IDENTIFYING scroll labelled MUXKEONW MIEPS
   497 | D:1      | 497 ||| DROPPING scroll of butterflies.
   498 | D:1      | 498 ||| DROPPING scroll of amnesia.
   499 | D:1      | 499 ||| DROPPING scroll of noise.
   743 | D:2      | Reached XP level 3. HP: 20/20 MP: 5/5
   773 | D:2      | 773 ||| RETREEEEATING.
   783 | D:2      | Reached skill level 7 in Ranged Weapons
   911 | D:2      | Found a faded altar of an unknown god.
  1126 | D:2      | Reached XP level 4. HP: 25/25 MP: 6/6
  1291 | D:2      | 1291 ||| UPGRADING to +0 pair of gloves.
  1296 | D:2      | 1296 ||| UPGRADING to +4 ring mail.
  1306 | D:2      | 1306 ||| DROPPING +0 leather armour.
  1307 | D:2      | 1307 ||| READING scroll of identify.
  1307 | D:2      | 1307 ||| IDENTIFYING sedimented sapphire potion
  1308 | D:2      | 1308 ||| READING scroll labelled AGOETU SOGEAGG.
  1382 | D:3      | 1382 ||| STAIRDANCE
  1635 | D:3      | Reached skill level 8 in Ranged Weapons
  1767 | D:3      | Reached XP level 5. HP: 29/29 MP: 7/7
  1885 | D:3      | Found a shimmering blue altar of Sif Muna.
  1888 | D:3      | 1888 ||| READING 3 scrolls of identify.
  1888 | D:3      | 1888 ||| IDENTIFYING golden potion
  1889 | D:3      | 1889 ||| READING 2 scrolls of identify.
  1889 | D:3      | 1889 ||| IDENTIFYING yellow potion
  1890 | D:3      | 1890 ||| READING scroll of identify.
  1890 | D:3      | 1890 ||| IDENTIFYING scroll labelled BAOVAF WEYNANU
  1891 | D:3      | 1891 ||| READING scroll labelled ZULEDWUACA.
  1891 | D:3      | 1891 ||| BRANDING +0 shortbow.
  1892 | D:3      | 1892 ||| DROPPING scroll of fear.
  1893 | D:3      | 1893 ||| DROPPING potion of invisibility.
  1913 | D:4      | Found a broken altar of Ashenzari.
  1933 | D:4      | HP: 3/29 [orc priest/divine providence (17)]
  1934 | D:4      | Reached skill level 9 in Ranged Weapons
  1934 | D:4      | 1934 ||| READING 2 scrolls of teleportation.
  1935 | D:4      | 1935 ||| DRINKING potion of heal wounds.
  1937 | D:4      | 1937 ||| DRINKING potion of curing.
  1937 | D:4      | 1937 ||| (to cure confusion)
  1962 | D:4      | Noticed a black bear
  1966 | D:4      | 1966 ||| DRINKING potion of haste.
  1977 | D:4      | Killed a black bear
  1978 | D:4      | Reached XP level 6. HP: 19/36 MP: 8/8
  2107 | D:4      | 2107 ||| RETREEEEATING.
  2108 | D:4      | 2108 ||| RETREEEEATING.
  2121 | D:4      | Reached skill level 1 in Armour
  2149 | D:4      | 2149 ||| FLEEEEING.
  2150 | D:4      | 2150 ||| FLEEEEING.
  2151 | D:4      | 2151 ||| FLEEEEING.
  2152 | D:4      | 2152 ||| FLEEEEING.
  2155 | D:4      | 2155 ||| FLEEEEING.
  2156 | D:4      | 2156 ||| STAIRDANCE
  2188 | D:3      | 2188 ||| READING scroll labelled JYDIUWK XONYT.
  2188 | D:3      | 2188 ||| ENCHANTING +0 pair of gloves.
  2324 | D:4      | Found a white marble altar of Elyvilon.
  2370 | D:4      | Reached XP level 7. HP: 40/40 MP: 9/9
  2402 | D:4      | Found a snail-covered altar of Cheibriados.
  2410 | D:4      | Reached skill level 10 in Ranged Weapons
  2465 | D:4      | 2465 ||| UPGRADING to ring of poison resistance.
  2466 | D:4      | 2466 ||| READING scroll labelled ISEVUA NUOMILI.
  2567 | D:4      | 2567 ||| READING scroll labelled PATOJU EMMAE.
  2567 | D:4      | 2567 ||| ENCHANTING +0 shortbow of freezing.
  2607 | D:5      | Entered Level 5 of the Dungeon
  2635 | D:5      | Reached skill level 3 in Dodging
  2736 | D:5      | 2736 ||| SWAPPING to +0 orcbow.
  2737 | D:5      | 2737 ||| DROPPING +1 shortbow of freezing.
  2752 | D:5      | Identified the +2 dagger "Tewen" {speed, ^Contam +Blink rF+
                  | Str+8}
  3253 | D:5      | 3253 ||| UPGRADING to amulet of guardian spirit.
  3258 | D:5      | 3258 ||| READING 2 scrolls of identify.
  3258 | D:5      | 3258 ||| IDENTIFYING cyan potion
  3259 | D:5      | 3259 ||| READING scroll of identify.
  3259 | D:5      | 3259 ||| IDENTIFYING coppery potion
  3260 | D:5      | 3260 ||| DROPPING potion of brilliance.
  3261 | D:5      | 3261 ||| DROPPING potion of degeneration.
  3287 | D:6      | Reached skill level 11 in Ranged Weapons
  3288 | D:6      | HP: 7/40 [burnt (4)]
  3289 | D:6      | 3289 ||| READING scroll of teleportation.
  3290 | D:6      | HP: 3/40 [burnt (3)]
  3291 | D:6      | Incinerated by a bombardier beetle

Levels and vault maps discovered:
D:1:      dpeg_arrival_round_b, layout_rooms
D:2:      layout_basic, ebering_ecumenical_altar_mist
D:3:      layout_rooms, nicolae_sif_muna_little_library, grunt_ministairs_3
D:4:      layout_rooms, elyvilon_altar_5, cheibrodos_worm_habitat,
          cheibrodos_ashenzari_chains
D:5:      layout_basic
D:6:      layout_rooms, kennysheep_little_box,
          minmay_temple_entry_gardened_gates

Skill      XL: |  1  2  3  4  5  6  7 |
---------------+----------------------+-----
Ranged Weapons | 6 7 8 9 11 | 11.1
Fighting       | 2 |  2.7
Armour         | 1 |  1.7
Dodging        | 3 |  3.6
Stealth        | |  1.2

Action                     |  1- 3 |  4- 6 |  7- 9 || total
---------------------------+-------+-------+-------++-------
   Fire: Shortbow          |   115 |   165 |    20 ||   300
         Orcbow            |       |       |    28 ||    28
    Use: Scroll            |     5 |     8 |     5 ||    18
         Potion            |       |     3 |       ||     3
 Armour: Leather armour    |    21 |     4 |       ||    25
         Ring mail         |       |    73 |    21 ||    94
  Dodge: Dodged            |    23 |    75 |    20 ||   118

Table legend:
 A = Non-vault XP
 B = Vault XP
 C = Vault XP percentage of total XP
 D = Non-vault monster count
 E = Vault monster count
 F = Vault count percentage of total count
                 A         B        C        D         E       F
            +---------+---------+-------+---------+---------+-------
      Total |    1210 |       7 |   0.6 |      90 |       3 |   3.2
            +---------+---------+-------+---------+---------+-------
        D:1 |      29 |       0 |   0.0 |      19 |       0 |   0.0
        D:2 |      82 |       0 |   0.0 |      20 |       0 |   0.0
        D:3 |     122 |       3 |   2.4 |      22 |       2 |   8.3
        D:4 |     539 |       4 |   0.7 |      20 |       1 |   4.8
        D:5 |     353 |       0 |   0.0 |       7 |       0 |   0.0
        D:6 |      85 |       0 |   0.0 |       2 |       0 |   0.0
            +---------+---------+-------+---------+---------+-------
